[Event "42nd Olympiad Baku 2016 Open"]
[Site "Baku"]
[Date "2016.09.03"]
[Round "2.12"]
[White "Kabilov, Amin"]
[Black "Krnan, Tomas"]
[Result "0-1"]
[ECO "E62"]
[WhiteElo "2150"]
[BlackElo "2430"]
[Annotator ""]
[PlyCount "73"]
[EventDate "2016.??.??"]
[EventCountry "AZE"]
[SourceTitle "playchess.com"]
[Source "ChessBase"]
[WhiteTeam "Tajikistan"]
[BlackTeam "Canada"]
[WhiteTeamCountry "TJK"]
[BlackTeamCountry "CAN"]
[TimeControl "40/5400+30:1800+30"]

1. Nf3 {(00:00)} Nf6 {(00:00)} 2. d4 {(00:00)} g6 {
(00:00)} 3. c4 {(00:24)} Bg7 {(00:14)} 4. g3 {(00:
11)} O-O {(00:12)} 5. Bg2 {(00:21)} d6 {(00:27)} 6. Nc3 {
(00:38)} Nc6 {(00:41)} 7. O-O {(00:18)} Bf5 {(01:
31)} 8. d5 {(02:34)} Na5 {(00:54)} 9. Nd2 {(01:11)} c5 {
(01:53)} 10. e4 {(02:06)} Bg4 {(01:38)} 11. Qc2 {(
02:56)} a6 {(07:31)} 12. h3 {(05:10)} Bd7 {(00:54)} 13. b3
{(00:15)} b5 {(01:51)} 14. Bb2 {(00:43)} Rb8 {(01:
43)} 15. Rab1 {(04:27)} e5 {(06:07)} 16. Ne2 {(17:46)} Nh5
{(05:29)} 17. f4 {(14:05)} f6 {(14:46)} 18. Bc3 {(
06:48)} b4 {(05:08)} 19. Bb2 {(01:05)} Bh6 {(01:10)} 20.
Rbe1 {(12:05)} Qe7 {(04:52)} 21. Bc1 {(02:44)} Rbe8 {
(03:29)} 22. Nf3 {(09:13)} Qg7 {(07:08)} 23. fxe5 {
(03:29)} Bxc1 {(02:00)} 24. Qxc1 {(02:18)} fxe5 {(
00:18)} 25. Nh4 {(02:22)} Nb7 {(09:43)} 26. Qg5 {(05:26)}
a5 {(09:56)} 27. g4 {(03:05)} Nf4 {(01:47)} 28. Nxf4 {
(01:15)} exf4 {(00:20)} 29. Nf3 {(00:50)} Nd8 {(04:
15)} 30. Re2 {(00:40)} h6 {(01:06)} 31. Qh4 {(00:03)} Nf7
{(01:04)} 32. g5 {(00:46)} Nxg5 {(01:38)} 33. Nxg5 {
(00:39)} hxg5 {(00:05)} 34. Qxg5 {(00:33)} Re5 {(
00:45)} 35. Qh4 {(00:08)} Rh5 {(00:49)} 36. Qe1 {(00:45)}
Bxh3 {(00:37)} 37. Qd2 0-1

[Event "42nd Olympiad Baku 2016 Open"]
[Site "Baku"]
[Date "2016.09.03"]
[Round "2.1"]
[White "Karjakin, Sergey"]
[Black "Atabayev, Maksat"]
[Result "1-0"]
[ECO "C18"]
[WhiteElo "2769"]
[BlackElo "2485"]
[Annotator ""]
[PlyCount "131"]
[EventDate "2016.??.??"]
[EventCountry "AZE"]
[SourceTitle "playchess.com"]
[Source "ChessBase"]
[WhiteTeam "Russia"]
[BlackTeam "Turkmenistan"]
[WhiteTeamCountry "RUS"]
[BlackTeamCountry "TKM"]
[TimeControl "40/5400+30:1800+30"]

1. e4 {(00:00)} e6 {(00:00)} 2. d4 {(00:00)} d5 {(
00:00)} 3. Nc3 {(00:00)} Bb4 {(00:13)} 4. e5 {(00:25)} c5
{(00:27)} 5. a3 {(00:11)} Bxc3+ {(00:23)} 6. bxc3 {
(00:06)} Qa5 {(00:19)} 7. Bd2 {(00:24)} Qa4 {(00:
27)} 8. h4 {(02:03)} Nc6 {(01:00)} 9. h5 {(00:41)} Nge7 {
(02:02)} 10. h6 {(03:02)} gxh6 {(01:37)} 11. Rb1 {(
18:54)} a6 {(18:37)} 12. Nf3 {(05:50)} cxd4 {(12:33)} 13.
cxd4 {(04:17)} Nxd4 {(01:07)} 14. Bd3 {(00:05)} Ndc6 {
(02:17)} 15. Bxh6 {(15:07)} Rg8 {(03:37)} 16. g3 {(
13:14)} Qxa3 {(06:22)} 17. Bxh7 {(04:31)} Rg4 {(02:33)}
18. Bf4 {(00:24)} Qc3+ {(24:05)} 19. Bd2 {(04:43)} Qc5 {
(00:58)} 20. Bd3 {(00:48)} Ng6 {(06:35)} 21. Kf1 {(
07:45)} b5 {(03:01)} 22. Nh2 {(00:17)} Rc4 {(01:57)} 23.
Ng4 {(01:17)} Rxg4 {(08:32)} 24. Qxg4 {(00:07)} Ncxe5 {
(00:07)} 25. Qg5 {(02:57)} Nxd3 {(00:49)} 26. cxd3 {
(00:04)} Qd4 {(00:39)} 27. Ke2 {(02:35)} Bb7 {(01:
40)} 28. Rbc1 {(00:46)} Rc8 {(01:19)} 29. Rxc8+ {(00:42)}
Bxc8 {(00:00)} 30. Rc1 {(04:29)} Bd7 {(00:37)} 31. Bc3 {
(00:06)} Qc5 {(00:07)} 32. Bf6 {(01:41)} Qd6 {(00:
18)} 33. Qh6 {(00:54)} e5 {(00:17)} 34. Qg7 {(00:01)} e4 {
(00:53)} 35. dxe4 {(03:25)} dxe4 {(00:08)} 36. Qg8+ {
(00:03)} Nf8 {(00:41)} 37. Bg7 {(00:02)} b4 {(00:
47)} 38. Ke1 {(00:54)} b3 {(00:14)} 39. Rd1 {(00:27)} Qb4+
{(00:16)} 40. Rd2 {(00:00)} b2 {(00:00)} 41. Bxb2 {
(00:16)} e3 {(01:18)} 42. fxe3 {(00:05)} Qe4 {(00:
04)} 43. Qh8 {(00:49)} Bb5 {(00:41)} 44. Qe5+ {(00:47)}
Qxe5 {(00:01)} 45. Bxe5 {(00:07)} Nd7 {(00:05)} 46. Bc3 {
(03:12)} Ke7 {(00:41)} 47. Kf2 {(04:42)} Ke6 {(00:
22)} 48. e4 {(00:33)} Ne5 {(02:24)} 49. Rd5 {(02:22)} Ng6
{(01:23)} 50. Rf5 {(04:38)} Nf8 {(00:18)} 51. g4 {(
03:01)} Nd7 {(04:24)} 52. g5 {(00:22)} Bc6 {(00:01)} 53.
Ke3 {(00:23)} Bb5 {(00:05)} 54. Kf4 {(03:14)} Bc4 {
(00:01)} 55. Ke3 {(01:05)} Bb5 {(00:06)} 56. Bb4 {(
00:49)} Bc6 {(00:51)} 57. Kf4 {(01:12)} Bb7 {(00:10)} 58.
Ra5 {(00:57)} f6 {(00:06)} 59. Bc3 {(01:22)} fxg5+ {
(00:41)} 60. Rxg5 {(00:07)} Nf8 {(00:05)} 61. Bb4 {
(02:15)} Nd7 {(00:20)} 62. Rg7 {(00:07)} Bc8 {(00:
13)} 63. Rg8 {(00:46)} Bb7 {(00:16)} 64. Re8+ {(01:25)}
Kf6 {(00:01)} 65. e5+ {(01:27)} Kg6 {(00:01)} 66. Re6+ {
(01:18)} 1-0

[Event "42nd Olympiad Baku 2016 Open"]
[Site "Baku"]
[Date "2016.09.03"]
[Round "2.34"]
[White "Karttunen, Mika"]
[Black "Gundavaa, Bayarsaikhan"]
[Result "1/2-1/2"]
[ECO "B90"]
[WhiteElo "2458"]
[BlackElo "2492"]
[Annotator ""]
[PlyCount "90"]
[EventDate "2016.??.??"]
[EventCountry "AZE"]
[SourceTitle "playchess.com"]
[Source "ChessBase"]
[WhiteTeam "Finland"]
[BlackTeam "Mongolia"]
[WhiteTeamCountry "FIN"]
[BlackTeamCountry "MGL"]
[TimeControl "40/5400+30:1800+30"]

1. e4 {(00:00)} c5 {(00:30)} 2. Nf3 {(00:00)} d6 {(
00:07)} 3. d4 {(00:00)} cxd4 {(00:08)} 4. Nxd4 {(00:03)}
Nf6 {(00:05)} 5. Nc3 {(00:13)} a6 {(00:05)} 6. h3 {
(00:13)} e6 {(00:04)} 7. g4 {(00:25)} h6 {(00:18)}
8. Bg2 {(05:24)} Be7 {(01:10)} 9. Be3 {(00:49)} Nc6 {
(01:15)} 10. Qe2 {(03:44)} Nxd4 {(03:19)} 11. Bxd4 {
(00:08)} e5 {(00:12)} 12. Be3 {(00:16)} Be6 {(00:
08)} 13. O-O-O {(06:20)} Rc8 {(06:00)} 14. Nd5 {(01:06)}
Nxd5 {(04:42)} 15. exd5 {(00:06)} Bd7 {(00:08)} 16. Kb1 {
(36:46)} O-O {(09:32)} 17. Be4 {(02:33)} Bg5 {(03:
04)} 18. Rdg1 {(05:07)} Bxe3 {(08:33)} 19. fxe3 {(03:47)}
Qh4 {(04:13)} 20. Qg2 {(03:37)} Rc7 {(07:37)} 21. Bd3 {
(01:37)} f5 {(15:00)} 22. Rf1 {(04:59)} e4 {(03:15]
} 23. Be2 {(00:37)} Rcc8 {(12:32)} 24. gxf5 {(05:22)} Rxf5
{(02:58)} 25. Rxf5 {(02:08)} Bxf5 {(00:13)} 26. Rg1 {
(02:28)} Rc7 {(03:15)} 27. Bg4 {(08:39)} Bxg4 {(01:
49)} 28. hxg4 {(00:36)} Qg5 {(03:00)} 29. Qxe4 {(01:23)}
Re7 {(00:09)} 30. Qf4 {(02:19)} Qxd5 {(00:19)} 31. b3 {
(01:17)} Rf7 {(02:11)} 32. Qg3 {(02:15)} Qd2 {(02:
23)} 33. g5 {(00:35)} Rf2 {(00:47)} 34. Rc1 {(00:05)} Rg2
{(00:09)} 35. Qf3 {(00:51)} Rxg5 {(04:12)} 36. Qxb7 {
(00:05)} Qxe3 {(02:25)} 37. Qxa6 {(00:15)} Qd4 {(
00:33)} 38. a4 {(01:11)} h5 {(00:29)} 39. Qa8+ {(01:02)}
Kh7 {(00:21)} 40. Qf3 {(00:00)} h4 {(00:00)} 41. Rd1 {
(05:48)} Rg1 {(14:31)} 42. Qh5+ {(00:36)} Kg8 {(00:
06)} 43. Qe8+ {(00:04)} Kh7 {(00:04)} 44. Qh5+ {(00:35)}
Kg8 {(00:07)} 45. Qe8+ {(00:28)} Kh7 {(00:07)} 1/2-1/2

[Event "42nd Olympiad Baku 2016 Open"]
[Site "Baku"]
[Date "2016.09.03"]
[Round "2.21"]
[White "Kasimdzhanov, Rustam"]
[Black "Munoz Santana, Jose Lisandro"]
[Result "1-0"]
[ECO "E17"]
[WhiteElo "2696"]
[BlackElo "2439"]
[Annotator ""]
[PlyCount "70"]
[EventDate "2016.??.??"]
[EventCountry "AZE"]
[SourceTitle "playchess.com"]
[Source "ChessBase"]
[WhiteTeam "Uzbekistan"]
[BlackTeam "Dominican Republic"]
[WhiteTeamCountry "UZB"]
[BlackTeamCountry "DOM"]
[TimeControl "40/5400+30:1800+30"]

1. d4 {(00:00)} e6 {(00:00)} 2. Nf3 {(00:45)} Nf6 {
(00:28)} 3. g3 {(01:26)} b6 {(03:47)} 4. Bg2 {(01:
32)} Bb7 {(00:06)} 5. c4 {(01:45)} Be7 {(01:11)} 6. O-O {
(03:08)} O-O {(00:06)} 7. d5 {(00:05)} exd5 {(04:
04)} 8. Nh4 {(02:19)} c6 {(00:13)} 9. cxd5 {(00:09)} Nxd5
{(00:06)} 10. Nf5 {(00:05)} Nc7 {(19:08)} 11. e4 {(
00:51)} d5 {(04:05)} 12. Nc3 {(03:24)} Nd7 {(10:55)} 13.
Re1 {(36:00)} d4 {(27:04)} 14. Qxd4 {(03:29)} Ne6 {
(00:55)} 15. Qd2 {(04:22)} Ne5 {(13:30)} 16. Rd1 {(
10:19)} Bc5 {(01:30)} 17. Qc2 {(06:05)} Nd4 {(04:43)} 18.
Nxd4 {(04:02)} Bxd4 {(00:01)} 19. Ne2 {(08:17)} c5 {
(00:01)} 20. Nxd4 {(00:10)} cxd4 {(00:04)} 21. Bf4 {
(00:09)} Re8 {(00:51)} 22. Bxe5 {(04:06)} Rxe5 {(
00:02)} 23. Qc4 {(00:05)} Rc8 {(06:43)} 24. Rxd4 {(03:12)}
Qe8 {(00:49)} 25. Qd3 {(01:00)} Rec5 {(01:33)} 26. Bh3 {
(02:43)} Rb8 {(00:30)} 27. Rd1 {(00:40)} g6 {(00:
28)} 28. f3 {(01:57)} Rc7 {(00:35)} 29. Rd8 {(01:47)} Rxd8
{(00:09)} 30. Qxd8 {(00:04)} Qxd8 {(00:51)} 31. Rxd8+ {
(00:04)} Kg7 {(00:04)} 32. Rd2 {(00:21)} Bc8 {(00:
56)} 33. Bf1 {(01:15)} Rc1 {(00:28)} 34. Kf2 {(00:08)} Be6
{(00:04)} 35. a3 {(00:05)} Kf6 1-0

[Event "42nd Olympiad Baku 2016 Open"]
[Site "Baku"]
[Date "2016.09.03"]
[Round "2.10"]
[White "Khusenkhojaev, Muhammad"]
[Black "Lesiege, Alexandre"]
[Result "0-1"]
[ECO "D38"]
[WhiteElo "2436"]
[BlackElo "2497"]
[Annotator ""]
[PlyCount "58"]
[EventDate "2016.??.??"]
[EventCountry "AZE"]
[SourceTitle "playchess.com"]
[Source "ChessBase"]
[WhiteTeam "Tajikistan"]
[BlackTeam "Canada"]
[WhiteTeamCountry "TJK"]
[BlackTeamCountry "CAN"]
[TimeControl "40/5400+30:1800+30"]

1. Nf3 {(00:34)} d5 {(00:00)} 2. d4 {(00:13)} Nf6 {
(00:00)} 3. c4 {(00:34)} e6 {(00:09)} 4. Nc3 {(01:
12)} Bb4 {(00:07)} 5. Qa4+ {(01:00)} Nc6 {(00:11)} 6. e3 {
(00:18)} O-O {(01:14)} 7. Be2 {(01:04)} dxc4 {(01:
23)} 8. Bxc4 {(00:14)} a6 {(03:17)} 9. O-O {(05:23)} Bd6 {
(02:28)} 10. Qc2 {(10:40)} b5 {(10:11)} 11. Be2 {(
01:34)} Bb7 {(01:49)} 12. Rd1 {(07:41)} Qe7 {(04:53)} 13.
a3 {(11:48)} Rac8 {(12:03)} 14. b4 {(06:07)} e5 {(
03:45)} 15. Bb2 {(02:27)} Rfe8 {(14:42)} 16. Re1 {(27:45)}
exd4 {(01:26)} 17. exd4 {(01:12)} Nxd4 {(01:08)} 18. Nxd4
{(01:08)} Qe5 {(00:06)} 19. g3 {(05:01)} Qxd4 {(00:
05)} 20. Bf1 {(09:47)} Qb6 {(03:53)} 21. Rxe8+ {(04:08)}
Rxe8 {(00:32)} 22. Nd1 {(00:05)} c5 {(10:41)} 23. Ne3 {
(00:24)} Ne4 {(03:04)} 24. Nf5 {(01:05)} Ng5 {(00:
45)} 25. Nh4 {(00:32)} cxb4 {(04:19)} 26. axb4 {(00:01)}
Bxb4 {(07:14)} 27. Bxg7 {(00:55)} Bc5 {(00:08)} 28. Rc1 {
(00:23)} Ne4 {(00:54)} 29. Bg2 {(00:41)} Kxg7 {(02:
31)} 0-1

[Event "42nd Olympiad Baku 2016 Open"]
[Site "Baku"]
[Date "2016.09.03"]
[Round "2.20"]
[White "Kjartansson, Gudmundur"]
[Black "Plat, Vojtech"]
[Result "0-1"]
[ECO "D80"]
[WhiteElo "2442"]
[BlackElo "2519"]
[Annotator ""]
[PlyCount "84"]
[EventDate "2016.??.??"]
[EventCountry "AZE"]
[SourceTitle "playchess.com"]
[Source "ChessBase"]
[WhiteTeam "Iceland"]
[BlackTeam "Czech Republic"]
[WhiteTeamCountry "ISL"]
[BlackTeamCountry "CZE"]
[TimeControl "40/5400+30:1800+30"]

1. d4 {(00:00)} Nf6 {(00:09)} 2. c4 {(00:00)} g6 {(
00:17)} 3. Nc3 {(00:05)} d5 {(00:06)} 4. e3 {(00:24)} Bg7
{(00:15)} 5. Qb3 {(00:16)} e6 {(00:06)} 6. Qa3 {(
00:59)} Nc6 {(00:06)} 7. Nf3 {(03:20)} Ne7 {(00:12)} 8.
Be2 {(01:16)} O-O {(00:57)} 9. O-O {(00:04)} b6 {(
03:46)} 10. Rd1 {(04:27)} Bb7 {(01:47)} 11. cxd5 {(02:11)}
Nexd5 {(00:45)} 12. Bd2 {(04:34)} Nxc3 {(06:44)} 13. Bxc3
{(02:00)} Qd5 {(01:12)} 14. Rac1 {(03:22)} Rfc8 {(
05:23)} 15. Ba6 {(12:45)} Ne4 {(06:10)} 16. Bb4 {(06:44)}
Ng5 {(12:56)} 17. Ne1 {(02:20)} h5 {(13:54)} 18. Qa4 {
(14:40)} Bxa6 {(07:19)} 19. Qxa6 {(00:16)} Qf5 {(
04:29)} 20. Rc6 {(10:48)} e5 {(01:19)} 21. Qd3 {(03:19)}
Qxd3 {(02:52)} 22. Rxd3 {(01:00)} exd4 {(00:09)} 23. exd4
{(00:14)} Ne6 {(00:15)} 24. d5 {(10:00)} Nf4 {(09:
06)} 25. Rd2 {(00:53)} Rd8 {(00:35)} 26. d6 {(01:01)} cxd6
{(00:54)} 27. Rcxd6 {(02:11)} Re8 {(00:15)} 28. Rc2 {
(07:20)} Bf8 {(00:36)} 29. Kf1 {(02:22)} Re4 {(02:
51)} 30. Ba3 {(01:20)} Bxd6 {(00:39)} 31. Bxd6 {(00:06)}
Rae8 {(01:31)} 32. Nf3 {(01:31)} Nd3 {(00:06)} 33. g3 {
(00:27)} R4e6 {(00:31)} 34. Ba3 {(00:59)} Rf6 {(01:
08)} 35. Ng5 {(00:36)} Rf5 {(01:20)} 36. h4 {(00:35)} f6 {
(00:59)} 37. Nh3 {(00:10)} Re1+ {(00:26)} 38. Kg2 {
(00:05)} Rc1 {(00:03)} 39. Rxc1 {(02:20)} Nxc1 {(
00:02)} 40. Nf4 {(00:00)} Kf7 {(00:00)} 41. Kf3 {(00:32)}
Nd3 {(00:26)} 42. Ke3 {(01:18)} Nxf4 {(02:09)} 0-1

[Event "42nd Olympiad Baku 2016 Open"]
[Site "Baku"]
[Date "2016.09.03"]
[Round "2.40"]
[White "Klasan, Vladimir"]
[Black "Bok, Benjamin"]
[Result "0-1"]
[ECO "B51"]
[WhiteElo "2401"]
[BlackElo "2592"]
[Annotator ""]
[PlyCount "94"]
[EventDate "2016.??.??"]
[EventCountry "AZE"]
[SourceTitle "playchess.com"]
[Source "ChessBase"]
[WhiteTeam "ICCD"]
[BlackTeam "Netherlands"]
[WhiteTeamCountry "SRB"]
[BlackTeamCountry "NED"]
[TimeControl "40/5400+30:1800+30"]

1. e4 {(00:00)} c5 {(00:00)} 2. Nf3 {(00:30)} d6 {(
00:00)} 3. d4 {(00:47)} cxd4 {(00:00)} 4. Qxd4 {(00:05)}
Nc6 {(00:00)} 5. Bb5 {(00:23)} a6 {(00:00)} 6. Bxc6+ {
(01:00)} bxc6 {(00:00)} 7. c4 {(04:14)} e5 {(00:07]
} 8. Qd3 {(01:48)} Nf6 {(00:16)} 9. O-O {(02:47)} Qc7 {
(00:38)} 10. Nc3 {(04:02)} Be7 {(00:11)} 11. Re1 {(
10:39)} O-O {(01:28)} 12. Nd2 {(00:56)} Be6 {(23:58)} 13.
Nf1 {(04:03)} Nd7 {(01:44)} 14. Ne3 {(07:36)} a5 {(
03:54)} 15. Nf5 {(05:47)} Bxf5 {(07:11)} 16. exf5 {(00:08]
} a4 {(00:51)} 17. Be3 {(11:55)} h6 {(12:47)} 18. b4 {
(07:34)} axb3 {(00:15)} 19. axb3 {(00:19)} Qb7 {(
04:11)} 20. Rxa8 {(07:32)} Rxa8 {(00:13)} 21. Rb1 {(01:21]
} Nf6 {(01:18)} 22. f4 {(03:37)} exf4 {(12:16)} 23. Bxf4 {
(00:25)} Ra3 {(02:03)} 24. Ne4 {(11:10)} Nxe4 {(02:
33)} 25. Qxe4 {(00:08)} d5 {(00:02)} 26. Qd3 {(04:40)} Bf6
{(02:49)} 27. Bd6 {(02:46)} Ra2 {(02:14)} 28. b4 {(
00:25)} dxc4 {(07:51)} 29. Qxc4 {(00:10)} Rd2 {(00:43)}
30. Bc5 {(01:47)} Qd7 {(00:03)} 31. Rf1 {(02:47)} Bd4+ {
(06:33)} 32. Bxd4 {(00:36)} Rxd4 {(00:02)} 33. Qc5 {
(00:32)} Rd5 {(01:13)} 34. Qc2 {(00:32)} f6 {(01:
38)} 35. Rc1 {(01:36)} Kh7 {(01:26)} 36. h3 {(00:55)} Qd6
{(01:21)} 37. Rb1 {(02:06)} Rd4 {(01:00)} 38. Qc3 {
(00:44)} Qd5 {(02:44)} 39. Rc1 {(00:31)} Rd3 {(01:
15)} 40. Qc5 {(00:00)} Qe4 {(00:00)} 41. Rf1 {(09:41)} Rd2
{(08:35)} 42. Rf2 {(06:08)} Rd1+ {(07:54)} 43. Rf1 {
(01:52)} Rd4 {(01:30)} 44. b5 {(08:46)} Rc4 {(02:
39)} 45. Qb6 {(02:56)} Rc2 {(03:38)} 46. Rf3 {(00:17)}
Rc1+ {(00:54)} 47. Kh2 {(00:24)} Qe5+ {(00:10)} 0-1

[Event "42nd Olympiad Baku 2016 Open"]
[Site "Baku"]
[Date "2016.09.03"]
[Round "2.19"]
[White "Kobese, Watu"]
[Black "Marin, Mihail"]
[Result "1/2-1/2"]
[ECO "B08"]
[WhiteElo "2350"]
[BlackElo "2572"]
[Annotator ""]
[PlyCount "77"]
[EventDate "2016.??.??"]
[EventCountry "AZE"]
[SourceTitle "playchess.com"]
[Source "ChessBase"]
[WhiteTeam "South Africa"]
[BlackTeam "Romania"]
[WhiteTeamCountry "RSA"]
[BlackTeamCountry "ROU"]
[TimeControl "40/5400+30:1800+30"]

1. e4 d6 2. d4 Nf6 3. Nc3 g6 4. Nf3 Bg7 5. h3 O-O 6. Be3 c6 7. a4 Qc7 8. a5
Nbd7 9. Be2 {(12:27)} e5 {(11:13)} 10. dxe5 {(00:23)} dxe5
{(02:43)} 11. Bc4 {(00:26)} Re8 {(01:15)} 12. Ng5 {
(15:36)} Re7 {(01:54)} 13. Qd2 {(04:29)} Ne8 {(11:
05)} 14. Bb3 {(10:01)} Qd6 {(02:33)} 15. Qe2 {(13:27)} h6
{(07:33)} 16. Nf3 {(00:23)} Nf8 {(01:24)} 17. Qd2 {
(07:42)} Qxd2+ {(03:41)} 18. Nxd2 {(00:22)} Ne6 {(
09:55)} 19. Ne2 {(04:25)} Nd4 {(10:06)} 20. Nxd4 {(01:03)}
exd4 {(00:06)} 21. Bf4 {(00:05)} Be6 {(02:14)} 22. Bxe6 {
(03:07)} Rxe6 {(00:07)} 23. O-O {(01:24)} Nf6 {(05:
55)} 24. f3 {(02:41)} g5 {(02:39)} 25. Bh2 {(00:34)} Nd7 {
(00:09)} 26. Nc4 {(01:13)} Ne5 {(00:26)} 27. Bxe5 {
(01:56)} Bxe5 {(01:39)} 28. Rfd1 {(00:27)} c5 {(01:
32)} 29. Ra3 {(01:13)} Rc8 {(02:26)} 30. Rb3 {(00:17)} Rc7
{(00:10)} 31. Kf2 {(01:29)} h5 {(03:59)} 32. Rb5 {(
00:44)} h4 {(00:59)} 33. Ke2 {(03:07)} f6 {(06:40)} 34.
Kd3 {(01:00)} Kf7 {(00:10)} 35. Ra1 {(02:03)} Ke7 {
(02:47)} 36. a6 {(03:24)} Rxa6 {(03:05)} 37. Rxa6 {
(00:08)} bxa6 {(00:03)} 38. Rb8 {(03:31)} Ke6 {(02:
19)} 39. Re8+ {(02:23)} 1/2-1/2

[Event "42nd Olympiad Baku 2016 Open"]
[Site "Baku"]
[Date "2016.09.03"]
[Round "2.22"]
[White "Kovalenko, Igor"]
[Black "Vasquez Schroeder, Rodrigo"]
[Result "1-0"]
[ECO "D44"]
[WhiteElo "2651"]
[BlackElo "2546"]
[Annotator ""]
[PlyCount "87"]
[EventDate "2016.??.??"]
[EventCountry "AZE"]
[SourceTitle "playchess.com"]
[Source "ChessBase"]
[WhiteTeam "Latvia"]
[BlackTeam "Chile"]
[WhiteTeamCountry "LAT"]
[BlackTeamCountry "CHI"]
[TimeControl "40/5400+30:1800+30"]

1. d4 {(00:00)} d5 {(00:00)} 2. c4 {(00:00)} c6 {(
00:00)} 3. Nf3 {(00:00)} Nf6 {(00:00)} 4. Nc3 {(00:00)} e6
{(00:00)} 5. Bg5 {(00:00)} dxc4 {(00:31)} 6. a4 b5 {
(04:18)} 7. axb5 {(01:01)} cxb5 {(00:06)} 8. Nxb5 {
(00:00)} Qb6 {(00:47)} 9. Na3 {(00:00)} Bxa3 {(09:
23)} 10. Qa4+ {(00:00)} Nc6 11. Qxa3 {(00:00)} Ne4 {(48:
26)} 12. e3 {(00:00)} Qb4+ {(05:16)} 13. Qxb4 {(00:00)}
Nxb4 {(00:06)} 14. Rc1 {(00:03)} Nd3+ {(00:49)} 15. Bxd3 {
(00:03)} cxd3 16. Bf4 Ba6 {(11:57)} 17. Nd2 {(00:51)} Nxd2
{(00:50)} 18. Kxd2 {(00:04)} Bb5 {(00:35)} 19. Rc5 {
(06:00)} a6 {(00:12)} 20. Rhc1 {(00:17)} Rd8 21. g4 {
(03:49)} O-O {(05:59)} 22. g5 {(00:08)} Rd7 {(05:
47)} 23. h4 {(00:44)} f6 {(00:54)} 24. b4 {(01:49)} Kf7 {
(00:31)} 25. h5 {(01:07)} Re8 {(00:27)} 26. h6 {(
02:22)} fxg5 {(02:40)} 27. Rxg5 {(00:08)} g6 {(00:35)} 28.
Be5 {(02:55)} Kg8 {(00:35)} 29. e4 {(00:26)} Rf8 {(
00:23)} 30. f4 {(00:27)} Rdf7 {(01:08)} 31. Ke3 {(00:25)}
Rd8 {(00:28)} 32. Rc5 {(01:19)} Kf8 {(00:14)} 33. Rg1 {
(02:15)} Rfd7 {(01:02)} 34. Rgc1 {(04:54)} Ke7 {(
00:09)} 35. Rc8 {(00:56)} Kf7 {(00:37)} 36. Rxd8 {(01:17)}
Rxd8 {(00:07)} 37. Rc7+ {(00:03)} Rd7 {(00:13)} 38. Rc8 {
(00:04)} g5 {(01:05)} 39. f5 {(03:38)} exf5 {(00:
19)} 40. exf5 {(00:00)} g4 {(00:00)} 41. Rh8 {(00:29)} g3
{(02:29)} 42. Rxh7+ {(02:37)} Kg8 {(03:29)} 43. Rh8+ {
(00:05)} Kf7 {(00:03)} 44. h7 {(00:04)} 1-0

[Event "42nd Olympiad Baku 2016 Open"]
[Site "Baku"]
[Date "2016.09.03"]
[Round "2.9"]
[White "Kovalyov, Anton"]
[Black "Amonatov, Farrukh"]
[Result "1-0"]
[ECO "E92"]
[WhiteElo "2617"]
[BlackElo "2610"]
[Annotator ""]
[PlyCount "155"]
[EventDate "2016.??.??"]
[EventCountry "AZE"]
[SourceTitle "playchess.com"]
[Source "ChessBase"]
[WhiteTeam "Canada"]
[BlackTeam "Tajikistan"]
[WhiteTeamCountry "CAN"]
[BlackTeamCountry "TJK"]
[TimeControl "40/5400+30:1800+30"]

1. c4 {(00:00)} Nf6 {(00:00)} 2. Nc3 {(00:00)} g6 {
(00:00)} 3. Nf3 {(00:01)} Bg7 {(00:00)} 4. e4 {(00:
07)} d6 {(00:00)} 5. d4 {(00:03)} O-O {(00:02)} 6. Be2 {
(00:04)} e5 {(00:40)} 7. Be3 {(01:49)} Ng4 {(00:08]
} 8. Bg5 {(00:09)} f6 {(00:07)} 9. Bh4 {(00:03)} g5 {
(00:44)} 10. Bg3 {(00:09)} Nc6 {(00:05)} 11. d5 {(
01:31)} Nd4 {(00:08)} 12. Nxd4 {(03:16)} exd4 {(00:15)}
13. Qxd4 {(00:22)} f5 {(00:16)} 14. Qd1 {(00:11)} Bxc3+ {
(01:04)} 15. bxc3 {(00:11)} Nf6 {(00:05)} 16. exf5 {
(06:33)} Ne4 {(01:51)} 17. Rc1 {(00:34)} Qf6 {(01:
44)} 18. Qd4 {(01:27)} Bxf5 {(00:41)} 19. Qxf6 {(01:32)}
Rxf6 {(00:45)} 20. f3 {(00:38)} Nc5 {(02:42)} 21. Kd2 {
(01:10)} Re8 {(03:24)} 22. Rhe1 {(03:34)} g4 {(09:
32)} 23. Bf1 {(02:40)} Rff8 {(16:16)} 24. Rxe8 {(01:23)}
Rxe8 {(00:04)} 25. Bf2 {(05:02)} gxf3 {(02:09)} 26. gxf3 {
(00:05)} Nd7 {(00:06)} 27. Be2 {(01:27)} Kf7 {(03:
12)} 28. Rg1 {(01:28)} b6 {(02:05)} 29. Bd4 {(00:26)} Bg6
{(12:10)} 30. Rg4 {(03:23)} Ne5 {(06:02)} 31. Rg5 {
(09:05)} h6 {(08:56)} 32. Rg3 {(02:01)} Bf5 {(08:
45)} 33. Be3 {(06:53)} Ng6 {(00:22)} 34. Bf1 {(00:16)} Rh8
{(01:53)} 35. Bd4 {(02:21)} Rg8 {(18:25)} 36. Bh3 {
(00:17)} Ne7 {(01:09)} 37. Bg4 {(00:16)} Rg5 {(01:
31)} 38. Ke2 {(09:17)} a6 {(00:34)} 39. a4 {(01:32)} a5 {
(00:16)} 40. Kd2 {(00:00)} Rg8 {(00:00)} 41. Rg1 {(
04:32)} Kf8 {(09:56)} 42. Rg3 {(04:34)} Bb1 {(07:02)} 43.
Bd7 {(10:11)} Rg6 {(08:27)} 44. Be3 {(01:22)} Kf7 {
(01:41)} 45. Bg4 {(02:51)} Kg7 {(01:11)} 46. Rg1 {(
01:01)} Bf5 {(00:26)} 47. h4 {(01:18)} Kf8 {(03:50)} 48.
h5 {(01:43)} Rf6 {(00:01)} 49. Re1 {(00:57)} Ng8 {(
00:39)} 50. Bd4 {(01:40)} Rf7 {(00:01)} 51. Re2 {(00:34)}
Bd7 {(00:22)} 52. Bxd7 {(02:12)} Rxd7 {(00:03)} 53. Re4 {
(02:52)} Rf7 {(00:19)} 54. Ke3 {(00:31)} Ne7 {(00:
19)} 55. Rg4 {(01:22)} Ke8 {(03:46)} 56. Ke4 {(00:29)} Rf5
{(00:17)} 57. Rg7 {(01:12)} Rxh5 {(00:46)} 58. Bf6 {
(00:27)} Ng8 {(01:07)} 59. Rxg8+ {(00:48)} Kf7 {(
00:01)} 60. Rc8 {(00:21)} Kxf6 {(00:01)} 61. Rxc7 {(01:19]
} Re5+ {(00:56)} 62. Kd4 {(00:19)} Rf5 {(01:01)} 63. Rc6 {
(00:36)} Ke7 {(00:05)} 64. Ke4 {(00:34)} Re5+ {(00:
20)} 65. Kf4 {(00:49)} Rh5 {(00:55)} 66. Rxb6 {(02:18)}
Rh4+ {(00:06)} 67. Kf5 {(00:06)} Rxc4 {(00:02)} 68. Rb7+ {
(00:19)} Kf8 {(00:00)} 69. f4 {(00:23)} Rxa4 {(01:
01)} 70. Rc7 {(01:39)} h5 {(00:16)} 71. c4 {(00:15)} h4 {
(00:10)} 72. Kf6 {(00:30)} Kg8 {(00:11)} 73. Kg6 {(
00:20)} Kf8 {(00:04)} 74. f5 {(00:50)} Ra1 {(01:13)} 75.
Rc8+ {(00:54)} Ke7 {(00:00)} 76. f6+ {(00:08)} Kd7 {
(00:03)} 77. f7 {(00:13)} Rg1+ {(00:05)} 78. Kh5 {(
00:16)} 1-0